 Dungeon Crawl Stone Soup version 0.28-a0-2-g643f2454ad (webtiles) character file.

Game seed: 9523792662303498626

578 Sin92 the Chopper (level 7, -18/55 HPs)
             Began as a Demonspawn Fighter on July 22, 2021.
             Blown up by Ijyb (29 damage)
             ... with a mindburst bolt
             ... on level 4 of the Dungeon.
             The game lasted 00:03:46 (4048 turns).

Sin92 the Chopper (Demonspawn Fighter)              Turns: 4048, Time: 00:03:47

Health: -18/55     AC:  9    Str: 18    XL:     7   Next: 13%
Magic:  7/7        EV:  9    Int:  7    God:
Gold:   204        SH:  9    Dex: 15    Spells: 6/6 levels left

rFire   + . .      SeeInvis .   a - +4 war axe
rCold   . . .      Faith    +   c - +0 kite shield
rNeg    + . .      Spirit   .   q - +3 ring mail {rF+}
rPois   .          Reflect  .   (no helmet)
rElec   .          Harm     .   (no cloak)
rCorr   .          Rampage  .   (no gloves)
Will    .....      Clarity  +   (no boots)
Stlth   +.........              n - amulet of faith
HPRegen 0.18/turn               k - ring of positive energy
MPRegen 0.10/turn               (no ring)

@: invisible
A: rugged brown scales 1, demonic magic 1, agile 1, clarity, dopey 1, mutation
resistance 1
a: no special abilities


You were on level 4 of the Dungeon.
You visited 1 branch of the dungeon, and saw 4 of its levels.

You collected 204 gold pieces.

Inventory:

Hand Weapons
 a - a +4 war axe (weapon)
Armour
 b - a +0 scale mail
 c - a +0 kite shield (worn)
 e - a +0 chain mail
 q - a +3 ring mail of fire resistance (worn)
 r - a +0 helmet
Jewellery
 j - a ring of fire
 k - a ring of positive energy (left hand)
 n - an amulet of faith (around neck)
Wands
 d - a wand of polymorph (1)
Scrolls
 h - 2 scrolls of teleportation
 m - a scroll of magic mapping
 o - a scroll of vulnerability
Potions
 f - a potion of lignification {unknown}
 g - 2 potions of brilliance {unknown}
 l - 2 potions of curing
 s - 2 potions of heal wounds {unknown}


   Skills:
 + Level 4.2 Fighting
 * Level 4.3 Axes
 + Level 3.9 Armour
 + Level 2.5 Dodging
 + Level 3.9 Shields


You had 6 spell levels left.
You didn't know any spells.
Your spell library was empty.

Dungeon Overview and Level Annotations

Branches:
Dungeon (4/15)
 Temple: D:4-7

Altars:
Ashenzari
Kikubaaqudgha
Yredelemnul

Annotations:
D:3 2 transporters, Menkaure
D:4 Ijyb


Innate Abilities, Weirdness & Mutations

You are partially covered in rugged brown scales. (AC +1, +3% HP)
Spells you cast may paralyse adjacent enemies.
You are agile. (Dex +2)
You possess an exceptional clarity of mind.
You are dopey. (Int -2)
You are somewhat resistant to further mutation.


Message History

A black bear is nearby!
Unknown command.
You slash the black bear!
You kill the black bear!
You have reached level 7!
No target in view!
HP restored.
There is a stone staircase leading up here.
Found a club.
No target in view!
You see here a +0 club.
Key pressed, stopping explore.
Unknown command.
Unknown command.
Ijyb the Twisted Goblin comes into view.
She is wielding a +0 dagger and carrying a wand of mindburst (15).
Ijyb shouts!
Ijyb zaps a wand.
Your mind is blasted!
Ijyb is nearby!
Ijyb screams, "Me stronger than you!"
Ijyb zaps a wand.
Your mind is blasted!
* * * LOW HITPOINT WARNING * * *
Unknown command.
You are too injured to fight recklessly!
Ijyb is nearby!
Unknown command.
You are too injured to fight recklessly!
Ijyb is nearby!
Unknown command.
You are too injured to fight recklessly!
Unknown command.
Ijyb is nearby!
You are too injured to fight recklessly!
Ijyb is nearby!
Unknown command.
You are too injured to fight recklessly!
It was a potion of invisibility.
You fade into invisibility!
Ijyb zaps a wand.
Your mind is blasted!
Ouch! That really hurt!
You die...

# #...._.......# ...#
#... #.. #
#.♣♣...♣♣....### ..#
#... #.)
####.♣.....♣.......
............
.......♣.♣.........
...........
.###..♣♣.♣♣........
...........
...##.......#...# #
...###..
.#.###.....#....# ..#
... #.. ##.#
######.....###.g.## ..
#.. ##.#
######.....@....... ...
##.# #..................
##.###.#####...#########
.......# ##.## ##.#####
#.# ...##########.#
#####........)#
......######### #######


You could see Ijyb.

Vanquished Creatures
  Grinder (D:4)
  A black bear (D:4)
  A phantom (D:4)
  Terence (D:2)
  An orc wizard (D:4)
  A hound skeleton (D:4)
  3 gnolls (D:4)
  4 adders
  2 worms (D:3)
  2 dart slugs
  2 orcs (D:4)
  6 bats
  8 endoplasms
  2 giant cockroaches (D:1)
  6 goblins
  8 hobgoblins
  6 jackals
  3 quokkas
  13 ball pythons
  2 frilled lizards
  5 kobolds
  6 rats
84 creatures vanquished.

Notes
Turn   | Place    | Note
-------+----------+-------------------------------------------
     0 | D:1      | Sin92 the Demonspawn Fighter began the quest for the Orb.
     0 | D:1      | Reached XP level 1. HP: 18/18 MP: 1/1
   155 | D:1      | Gained mutation: You are partially covered in rugged brown
                  | scales. (AC +1, +3% HP) [demonic ancestry]
   155 | D:1      | Reached XP level 2. HP: 14/24 MP: 2/2
   657 | D:1      | Gained mutation: Spells you cast may paralyse adjacent
                  | enemies. [demonic ancestry]
   657 | D:1      | Reached XP level 3. HP: 28/29 MP: 3/3
  1492 | D:2      | Noticed Terence
  1502 | D:2      | Killed Terence
  1503 | D:2      | Reached skill level 1 in Dodging
  1503 | D:2      | Reached XP level 4. HP: 18/36 MP: 4/4
  1863 | D:3      | Found a basalt altar of Yredelemnul.
  1931 | D:3      | Noticed Menkaure
  2358 | D:3      | Found an ancient bone altar of Kikubaaqudgha.
  2479 | D:3      | Found a transporter.
  2499 | D:3      | Found a transporter.
  3110 | D:3      | Gained mutation: You possess an exceptional clarity of
                  | mind. [potion of mutation]
  3110 | D:3      | Gained mutation: You are agile. (Dex +2) [potion of
                  | mutation]
  3110 | D:3      | Gained mutation: You are dopey. (Int -2) [potion of
                  | mutation]
  3110 | D:3      | Gained mutation: You are somewhat resistant to further
                  | mutation. [potion of mutation]
  3113 | D:4      | Noticed a phantom
  3125 | D:4      | Killed a phantom
  3126 | D:4      | Reached XP level 5. HP: 30/43 MP: 5/5
  3347 | D:4      | Found a broken altar of Ashenzari.
  3394 | D:4      | Noticed Grinder
  3407 | D:4      | Paralysed by Grinder for 6 turns
  3429 | D:4      | Killed Grinder
  3430 | D:4      | Reached XP level 6. HP: 20/49 MP: 6/6
  3479 | D:4      | Identified the +1 leather armour "Syx Josyism" {Drain
                  | Regen+ SInv}
  3903 | D:4      | Reached XP level 7. HP: 48/55 MP: 7/7
  4045 | D:4      | Noticed Ijyb
  4048 | D:4      | Blown up by Ijyb

Illustrated notes

Levels and vault maps discovered:
D:1:      lightli_molten_gateway, layout_loops_ring, minmay_heptomino_o4
D:2:      layout_basic, minmay_misc_feat_five, uniq_terence
D:3:      layout_rooms, gammafunk_temple_of_torment
D:4:      layout_loops_ring, mainiacjoe_overflow_small_starburst,
          kennysheep_boxes, uniq_grinder, uniq_ijyb

Skill      XL: |  1  2  3  4  5 |
---------------+----------------+-----
Axes           | 2 3 4 |  4.3
Shields        | 3 |  3.9
Armour         | 3 |  3.9
Dodging        | 1 2 |  2.5
Fighting       | 4 |  4.2

Action                   |  1- 3 |  4- 6 |  7- 9 || total
-------------------------+-------+-------+-------++-------
Melee: War axe           |   104 |   135 |       ||   239
  Use: Potion            |     1 |     2 |     1 ||     4
       Scroll            |       |    10 |       ||    10
Armor: Chain mail        |    81 |       |       ||    81
       Scale mail        |     4 |       |       ||     4
       Ring mail         |       |    72 |       ||    72
Dodge: Dodged            |    17 |    65 |       ||    82
Block: Kite shield       |    71 |    75 |       ||   146

Table legend: (Time is in decaauts)
 A = Elapsed time spent in this place.
 B = Non-inter-level travel time spent in this place.
 C = Inter-level travel time spent in this place.
 D = Time resting spent in this place.
 E = Time spent auto-exploring this place.
 F = Levels seen in this place.
 G = Mean time per level.
                   A        B        C        D        E       F      G
               +--------+--------+--------+--------+--------+-----+--------+
         Total |   4192 |   4139 |     53 |    981 |   2426 |   4 | 1048.0 |
       Dungeon |   4192 |   4139 |     53 |    981 |   2426 |   4 | 1048.0 |
               +--------+--------+--------+--------+--------+-----+--------+

Top non-repeatable levels by time:
     D:3: 1196 daAuts
     D:1: 1099 daAuts
     D:4: 1059 daAuts
     D:2: 837 daAuts
